AoeStats
← MrKadlatko

Four Lakes

509938881Analyzed
1v1 RM · 3d ago on Sep 28, 2026· 89m 19s· 2 players
Game mode
Random Map
Map size
Tiny (2 player)
Population
200
Speed
Normal
Resources
Standard
Victory
Conquest
Starting age
Dark Age
Ending age
Imperial Age
RankedLock teamsTeams togetherTeam positionsShared explorationLock speedFull tech treeHidden civsTurbo modeCheats
Victory
Defeat
🇨🇿 Teutons · Czechia
885
+16
🇨🇿 Japanese · Czechia
886
-16
manic7
5:23 Loom
11:45 Feudal Age
17:20 Castle Age
15:45 Horse Collar
18:59 Double-Bit Axe
22:24 Bow Saw
22:33 Forging
23:19 Bloodlines
24:05 Heavy Plow
24:45 Wheelbarrow
26:21 Bloodlines
26:31 Town Watch
30:33 Scale Barding Armor
31:04 Iron Casting
30:37 Scale Mail Armor
30:29 Fletching
33:27 Hand Cart
36:23 Scale Mail Armor
43:07 Chain Mail Armor
48:31 Imperial Age
46:37 Bodkin Arrow
51:41 Elite Teutonic Knight
55:58 Plate Mail Armor
56:29 Blast Furnace
58:06 Conscription
60:32 Town Patrol
61:35 Two-Man Saw
61:06 Crop Rotation
60:16 Heavy Scorpion
62:35 Ironclad
63:28 Crenellations
67:24 Heavy Scorpion
72:09 Pikeman
72:49 Squires
75:18 Elite Skirmisher
76:19 Arson
79:18 Padded Archer Armor
80:38 Halberdier
84:47 Leather Archer Armor
MrKadlatko
7:40 Loom
10:43 Feudal Age
11:10 Double-Bit Axe
13:25 Fishing Lines
20:23 Castle Age
19:20 Gold Mining
19:20 Stone Mining
20:02 Forging
19:52 Scale Mail Armor
21:53 Wheelbarrow
23:13 Pikeman
26:41 Gillnets
26:54 Fletching
27:05 Padded Archer Armor
31:34 Iron Casting
31:14 Chain Mail Armor
31:27 Bodkin Arrow
31:47 Leather Archer Armor
37:07 Ballistics
45:25 Imperial Age
48:29 Chemistry
48:48 Bow Saw
51:57 Gold Shaft Mining
52:34 Kataparuto
52:36 Conscription
53:41 Bloodlines
53:31 Husbandry
55:38 Hand Cart
55:44 Elite Samurai
64:31 Heavy Scorpion
65:20 Light Cavalry
66:48 Bracer
67:49 Blast Furnace
66:56 Scale Barding Armor
67:22 Plate Mail Armor
78:13 Horse Collar
83:07 Elite Skirmisher
Connection lost

Rejoining the realm…

Still unreachable

The connection could not be restored.

Session expired

The server has moved on; the page needs a fresh start.